Maple Leafs vs Red Wings
Created - March 7, 2022 at 19:00
Goals
|
| Maple Leafs |
2 |
0 |
2 |
4 |
| Red Wings |
2 |
0 |
1 |
3 |
|
Shots
|
| Maple Leafs |
17 |
6 |
10 |
33 |
| Red Wings |
11 |
15 |
14 |
40 |
|
1st period
1. Maple Leafs , Tim Schaller 4 (Pontus Aberg 9, Braydon Coburn 8) at 8:56
2. Red Wings , Michael Haley 4 (Carson Mcmillan 10, Jiri Fischer 10) at 11:18
3. Red Wings , Connor Brown 12 (Philip Samuelsson 19, Dylan Larkin 15) at 11:44
4. Maple Leafs , Claude Giroux 26 (Andre Burakovsky 11) at 15:52
Penalties :
Connor Brown (Det) for High sticking (Minor) at 12:29
2nd period
No Goal
Penalties :
Jake Guentzel (TOR) for Interference (Minor) at 6:17
3rd period
5. Red Wings , Marko Dano 17 (Henrik Zetterberg 22, Drew Fata 7) at 8:32 (PP)
6. Maple Leafs , Zach Werenski 3 (Hampus Lindholm 26, Tim Schaller 5) at 9:32
7. Maple Leafs , Claude Giroux 27 (Andre Burakovsky 12) at 15:08
Penalties :
Ryan Parent (TOR) for Hooking (Minor) at 2:04, Brayden Schenn (TOR) for Holding (Minor) at 8:22, Henrik Zetterberg (Det) for Tripping (Minor) at 15:13, Brandon Saad (TOR) for Goalie Interference (Minor) at 18:50
Goalie Stats
John Gibson (TOR), 37 saves from 40 shots - (0.925), W, 16-10-1, 60:00 minutes
Robin Lehner (Det), 29 saves from 33 shots - (0.879), L, 20-8-3, 58:52 minutes
Players Stats for Maple Leafs
Player Name G A P +/- PIM S H SB GA TA FO MP PP MP PK MP
------------------------------------------------------------------------------------
Andre Burakovsky 0 2 2 2 0 0 1 2 0 0 0/0 18:57 1:35 0:00
Beau Bennett 0 0 0 -1 0 2 0 0 0 0 0/0 10:27 0:02 0:00
Bo Horvat 0 0 0 -1 0 1 0 0 1 0 4/8 11:42 1:35 0:18
Brandon Saad 0 0 0 -1 2 1 0 0 0 1 0/0 11:51 0:02 1:14
Brayden Schenn 0 0 0 2 2 5 2 0 1 0 16/33 23:32 2:21 3:18
Braydon Coburn 0 1 1 1 0 0 1 1 0 1 0/0 16:03 0:00 3:21
Claude Giroux 2 0 2 2 0 7 0 0 3 1 2/3 23:33 2:21 3:18
Hampus Lindholm 0 1 1 -1 0 0 2 1 0 0 0/0 26:27 2:29 1:56
Jake Guentzel 0 0 0 -1 2 3 4 1 0 0 0/0 17:59 1:35 1:07
John Klingberg 0 0 0 2 0 2 2 1 1 0 0/0 22:10 1:29 1:56
Jon Merrill 0 0 0 2 0 1 1 2 0 0 0/0 21:20 1:29 3:21
Logan Couture 0 0 0 -1 0 0 1 0 0 1 9/19 17:15 0:02 1:19
Patrice Cormier 0 0 0 2 0 0 0 0 0 1 0/0 7:08 0:00 0:00
Patrick Kane 0 0 0 -1 0 4 0 0 0 0 0/0 17:31 2:21 0:00
Pontus Aberg 0 1 1 2 0 0 0 0 0 0 0/1 7:08 0:00 0:00
Ryan Parent 0 0 0 1 2 1 1 0 0 0 0/0 12:41 0:00 0:00
Tim Schaller 1 1 2 2 0 1 1 0 0 0 0/0 7:08 0:00 0:00
Zach Werenski 1 0 1 -1 0 5 0 3 0 1 0/0 21:47 2:29 0:00
Players Stats for Red Wings
Player Name G A P +/- PIM S H SB GA TA FO MP PP MP PK MP
------------------------------------------------------------------------------------
Carson Mcmillan 0 1 1 1 0 2 0 0 0 0 0/0 9:04 0:00 2:18
Connor Brown 1 0 1 1 2 4 1 1 1 0 1/2 16:48 2:32 0:00
David Krejci 0 0 0 1 0 0 0 0 0 0 2/2 6:46 0:00 0:00
David Rundblad 0 0 0 -3 0 4 1 0 0 0 0/0 16:02 1:18 0:00
Drew Fata 0 1 1 -3 0 0 2 1 1 1 0/0 19:05 2:42 2:25
Dylan Larkin 0 1 1 1 0 4 1 0 2 0 0/1 16:46 2:32 0:00
Henrik Zetterberg 0 1 1 0 2 5 4 0 0 0 16/34 21:12 2:45 0:00
Jiri Fischer 0 1 1 1 0 4 0 2 0 0 0/0 15:36 0:50 0:00
Jordin Tootoo 0 0 0 -4 0 2 0 0 0 0 0/0 11:17 0:00 0:00
Kris Versteeg 0 0 0 0 0 0 0 1 0 1 3/6 23:21 2:45 2:14
Marko Dano 1 0 1 0 0 5 1 0 1 1 0/1 21:39 2:45 0:29
Michael Haley 1 0 1 1 0 2 1 0 0 0 0/0 7:48 0:00 1:02
Mike Richards 0 0 0 1 0 3 2 0 0 0 7/12 17:43 2:32 0:51
Ole-Kristian Tollefsen 0 0 0 1 0 0 1 0 0 1 0/0 19:04 1:45 2:25
Philip Samuelsson 0 1 1 0 0 3 1 1 0 2 0/0 26:20 3:32 1:33
Ryan O'Byrne 0 0 0 0 0 0 0 0 1 0 0/0 23:53 0:27 1:33
T.J. Hensick 0 0 0 -4 0 1 0 0 0 0 4/6 12:19 0:00 1:02
Tye McGinn 0 0 0 -4 0 1 1 0 0 0 0/0 11:17 0:00 0:00
3 Stars
1 - Claude Giroux (TOR)
2 - Tim Schaller (TOR)
3 - Andre Burakovsky (TOR)
Power Play
Maple Leafs - 0 on 2 Attempt(s) - 0.00%
Red Wings - 1 on 4 Attempt(s) - 25.00%
Penalty Kill
Maple Leafs - 3 on 4 Attempt(s) - 75.00%
- Score 0 goal in Penalty Kill
Red Wings - 2 on 2 Attempt(s) - 100.00%
- Score 0 goal in Penalty Kill
Team Stat
Maple Leafs - Hits : 16 - Faceoff Wins : 31 - Blocked Shots : 11 - Penalty Minutes : 8
Red Wings - Hits : 16 - Faceoff Wins : 33 - Blocked Shots : 6 - Penalty Minutes : 4
Official
Referees : Kelly Sutherland and Brian Pochmara
Linesman : Pierre Racicot and Ryan Galloway
Game Notes
No Game Note
Finance
Level 1 -- Attendance: 6000 (100.00%) -- Ticket Income $600,000
Level 2 -- Attendance: 4590 (91.80%) -- Ticket Income $275,400
Level 3 -- Attendance: 2000 (100.00%) -- Ticket Income $70,000
Level 4 -- Attendance: 4000 (100.00%) -- Ticket Income $100,000
Luxury Box -- Attendance: 937 (93.70%) -- Ticket Income $187,400
Game was played at the Little Caesars arena.
Total Attendance: 17527 (97.37%)
Total Ticket Income: $1,232,800
Other Income: $184,920
Total Income: $1,417,720
Maple Leafs
5 vs 5 Forward
Center Left Wing Right Wing Time % Phy DF OF
1 Brayden Schenn Claude Giroux Andre Burakovsky 40 1 2 2
2 Logan Couture Jake Guentzel Patrick Kane 30 1 2 2
3 Bo Horvat Brandon Saad Beau Bennett 20 1 2 2
4 Patrice Cormier Tim Schaller Pontus Aberg 10 1 2 2
5 vs 5 Defense
Defense Defense Time % Phy DF OF
1 Hampus Lindholm Zach Werenski 40 1 2 2
2 Jon Merrill John Klingberg 30 1 2 2
3 Ryan Parent Braydon Coburn 20 1 2 2
4 Hampus Lindholm John Klingberg 10 1 2 2
PowerPlay Forward
Center Left Wing Right Wing Time % Phy DF OF
1 Brayden Schenn Claude Giroux Patrick Kane 60 1 2 2
2 Bo Horvat Jake Guentzel Andre Burakovsky 40 1 2 2
PowerPlay Defense
Defense Defense Time % Phy DF OF
1 Hampus Lindholm Zach Werenski 60 1 2 2
2 Jon Merrill John Klingberg 40 1 2 2
Penalty Kill 4 Players Forward
Center Wing Time % Phy DF OF
1 Brayden Schenn Claude Giroux 60 1 2 2
2 Logan Couture Jake Guentzel 40 1 2 2
Penalty Kill 4 Players Defense
Defense Defense Time % Phy DF OF
1 Jon Merrill Braydon Coburn 60 1 2 2
2 Hampus Lindholm John Klingberg 40 1 2 2
Penalty Kill - 3 Players Forward
Forward Time % Phy DF OF
1 Patrice Cormier 60 1 2 2
2 Logan Couture 40 1 2 2
Penalty Kill - 3 Players Defense
Defense Defense Time % Phy DF OF
1 Braydon Coburn Jon Merrill 60 1 2 2
2 Hampus Lindholm John Klingberg 40 1 2 2
4 vs 4 Forward
Center Wing Time % Phy DF OF
1 Brayden Schenn Claude Giroux 60 1 2 2
2 Logan Couture Jake Guentzel 40 1 2 2
4 vs 4 Defense
Defense Defense Time % Phy DF OF
1 Hampus Lindholm John Klingberg 60 1 2 2
2 Jon Merrill Braydon Coburn 40 1 2 2
Last Minutes Offensive
Center Left Wing Right Wing Defense Defense
Brayden Schenn Claude Giroux Patrick Kane Hampus Lindholm John Klingberg
Last Minutes Defensive
Center Left Wing Right Wing Defense Defense
Brayden Schenn Claude Giroux Patrick Kane Braydon Coburn Jon Merrill
Goaltenders
Starting : John Gibson
Backup : Martin Jones
Extra Forwards
Normal : Jake Guentzel, Patrick Kane, Bo Horvat - PP : Jake Guentzel, Logan Couture - PK : Jake Guentzel
Extra Defensemen
Normal : Braydon Coburn, Ryan Parent, Zach Werenski - PP : Braydon Coburn - PK : Braydon Coburn, Ryan Parent
Penalty Shots
Claude Giroux, Patrick Kane, Andre Burakovsky, Logan Couture, Brayden Schenn
Scratches
None
Red Wings
5 vs 5 Forward
Center Left Wing Right Wing Time % Phy DF OF
1 Henrik Zetterberg Marko Dano Kris Versteeg 40 0 2 3
2 Mike Richards Dylan Larkin Connor Brown 30 0 2 3
3 T.J. Hensick Tye McGinn Jordin Tootoo 20 0 2 3
4 David Krejci Michael Haley Carson Mcmillan 10 0 3 2
5 vs 5 Defense
Defense Defense Time % Phy DF OF
1 Philip Samuelsson Ryan O'Byrne 40 0 2 3
2 Jiri Fischer Ole-Kristian Tollefsen 30 0 2 3
3 Drew Fata David Rundblad 20 0 2 3
4 Drew Fata David Rundblad 10 0 3 2
PowerPlay Forward
Center Left Wing Right Wing Time % Phy DF OF
1 Henrik Zetterberg Marko Dano Kris Versteeg 60 0 1 4
2 Mike Richards Dylan Larkin Connor Brown 40 0 1 4
PowerPlay Defense
Defense Defense Time % Phy DF OF
1 Philip Samuelsson Drew Fata 60 0 1 4
2 David Rundblad Ole-Kristian Tollefsen 40 0 1 4
Penalty Kill 4 Players Forward
Center Wing Time % Phy DF OF
1 Kris Versteeg Carson Mcmillan 60 0 4 1
2 T.J. Hensick Michael Haley 40 0 4 1
Penalty Kill 4 Players Defense
Defense Defense Time % Phy DF OF
1 Ole-Kristian Tollefsen Drew Fata 60 1 4 0
2 Philip Samuelsson Ryan O'Byrne 40 1 4 0
Penalty Kill - 3 Players Forward
Forward Time % Phy DF OF
1 Carson Mcmillan 60 1 4 0
2 Michael Haley 40 1 4 0
Penalty Kill - 3 Players Defense
Defense Defense Time % Phy DF OF
1 Ole-Kristian Tollefsen Ryan O'Byrne 60 0 5 0
2 Philip Samuelsson Drew Fata 40 0 5 0
4 vs 4 Forward
Center Wing Time % Phy DF OF
1 Henrik Zetterberg Marko Dano 55 0 2 3
2 Mike Richards Kris Versteeg 45 0 2 3
4 vs 4 Defense
Defense Defense Time % Phy DF OF
1 Philip Samuelsson Ole-Kristian Tollefsen 60 0 3 2
2 David Rundblad Jiri Fischer 40 0 3 2
Last Minutes Offensive
Center Left Wing Right Wing Defense Defense
Henrik Zetterberg Kris Versteeg Connor Brown Philip Samuelsson Marko Dano
Last Minutes Defensive
Center Left Wing Right Wing Defense Defense
T.J. Hensick Michael Haley Carson Mcmillan Ole-Kristian Tollefsen Drew Fata
Goaltenders
Starting : Robin Lehner
Backup : Mike McKenna
Extra Forwards
Normal : Dylan Larkin, Kris Versteeg, Connor Brown - PP : Tye McGinn, Carson Mcmillan - PK : Mike Richards
Extra Defensemen
Normal : Philip Samuelsson, Drew Fata, David Rundblad - PP : David Rundblad - PK : Jiri Fischer, David Rundblad
Penalty Shots
Kris Versteeg, Dylan Larkin, Marko Dano, Mike Richards, Carson Mcmillan
Scratches
Jakub Kindl (Healthy), Nino Niederreiter (Healthy), Ryane Clowe (Healthy)
% Time on Ice - Maple Leafs
Lines # - Real PCT - Wanted PCT - Time Play
Normal Forward
1 - 36% - 40% - 18:30
2 - 30% - 30% - 15:18
3 - 19% - 20% - 9:49
4 - 14% - 10% - 7:08
Normal Defense
1 - 39% - 40% - 19:47
2 - 32% - 30% - 16:04
3 - 24% - 20% - 12:13
4 - 5% - 10% - 2:41
PP Forward
1 - 60% - 60% - 2:23
2 - 40% - 40% - 1:35
PP Defense
1 - 63% - 60% - 2:29
2 - 37% - 40% - 1:29
PK Forward
1 - 75% - 60% - 3:58
2 - 25% - 40% - 1:19
PK Defense
1 - 63% - 60% - 3:21
2 - 37% - 40% - 1:56
PK3 Forward
1 - 0% - 60%
2 - 0% - 40%
PK3 Defense
1 - 0% - 60%
2 - 0% - 40%
44 Forward
1 - 0% - 60%
2 - 0% - 40%
44 Defense
1 - 0% - 60%
2 - 0% - 40%
Last Minute Offensive - 0:00
Last Minute Defensive - 0:00
Total
Forward - 60:00
Defense - 60:00
|
% Time on Ice - Red Wings
Lines # - Real PCT - Wanted PCT - Time Play
Normal Forward
1 - 36% - 40% - 18:25
2 - 28% - 30% - 14:14
3 - 22% - 20% - 11:17
4 - 13% - 10% - 6:46
Normal Defense
1 - 42% - 40% - 21:29
2 - 30% - 30% - 15:18
3 - 19% - 20% - 9:53
4 - 8% - 10% - 4:02
PP Forward
1 - 52% - 60% - 2:45
2 - 48% - 40% - 2:32
PP Defense
1 - 67% - 60% - 3:32
2 - 33% - 40% - 1:45
PK Forward
1 - 74% - 60% - 2:56
2 - 26% - 40% - 1:02
PK Defense
1 - 61% - 60% - 2:25
2 - 39% - 40% - 1:33
PK3 Forward
1 - 0% - 60%
2 - 0% - 40%
PK3 Defense
1 - 0% - 60%
2 - 0% - 40%
44 Forward
1 - 0% - 55%
2 - 0% - 45%
44 Defense
1 - 0% - 60%
2 - 0% - 40%
Last Minute Offensive - 0:03
Last Minute Defensive - 0:00
Total
Forward - 60:00
Defense - 60:00
|
Play-by-Play
1st period
0:01 of 1st period - Brayden Schenn wins face-off versus Henrik Zetterberg in neutral zone.
0:10 of 1st period - Slapshot by Kris Versteeg.
0:10 of 1st period - Shot Blocked by Zach Werenski.
0:12 of 1st period - Wrist shot by Henrik Zetterberg.
0:12 of 1st period - Stopped by John Gibson without a rebound.
0:13 of 1st period - Mike Richards wins face-off versus Logan Couture in Maple Leafs zone.
1:05 of 1st period - Braydon Coburn is hit by Henrik Zetterberg and loses puck.
1:34 of 1st period - Snap shot by Michael Haley.
1:34 of 1st period - Stopped by John Gibson with a rebound.
1:46 of 1st period - Mike Richards is hit by Jake Guentzel and loses puck.
3:07 of 1st period - Icing by Tim Schaller.
3:08 of 1st period - Logan Couture wins face-off versus Dylan Larkin in Maple Leafs zone.
3:32 of 1st period - Icing by Patrick Kane.
3:33 of 1st period - Henrik Zetterberg wins face-off versus Logan Couture in Maple Leafs zone.
3:34 of 1st period - Wrist shot by Marko Dano.
3:34 of 1st period - Shot Blocked by Zach Werenski.
3:38 of 1st period - Snap shot by Henrik Zetterberg.
3:38 of 1st period - Shot Blocked by Jake Guentzel.
4:22 of 1st period - Off-side.
4:23 of 1st period - Bo Horvat wins face-off versus T.J. Hensick in neutral zone.
4:28 of 1st period - Slapshot by Bo Horvat.
4:28 of 1st period - Stopped by Robin Lehner without a rebound.
4:29 of 1st period - Henrik Zetterberg wins face-off versus Brayden Schenn in Red Wings zone.
4:29 of 1st period - Henrik Zetterberg is hit by Ryan Parent.
4:35 of 1st period - Snap shot by Marko Dano.
4:35 of 1st period - Shot Misses the Net.
4:55 of 1st period - Ryan Parent is hit by Connor Brown and loses puck.
5:20 of 1st period - Slapshot by Philip Samuelsson.
5:20 of 1st period - Shot Misses the Net.
6:09 of 1st period - Wrist shot by Jake Guentzel.
6:09 of 1st period - Shot Misses the Net.
6:11 of 1st period - Slapshot by Ryan Parent.
6:11 of 1st period - Stopped by Robin Lehner without a rebound.
6:12 of 1st period - Logan Couture wins face-off versus Henrik Zetterberg in Red Wings zone.
6:13 of 1st period - Wrist shot by Patrick Kane.
6:13 of 1st period - Shot Blocked by Kris Versteeg.
6:49 of 1st period - Snap shot by Claude Giroux.
6:49 of 1st period - Stopped by Robin Lehner with a rebound.
6:51 of 1st period - Slapshot by Jon Merrill.
6:51 of 1st period - Deflect By Mike Richards.
6:51 of 1st period - Stopped by Robin Lehner with a rebound.
7:52 of 1st period - Wrist shot by Brayden Schenn.
7:52 of 1st period - Shot Misses the Net.
7:54 of 1st period - Slapshot by Hampus Lindholm.
7:54 of 1st period - Shot Blocked by Jiri Fischer.
7:56 of 1st period - Snap shot by Brayden Schenn.
7:56 of 1st period - Shot Blocked by Jiri Fischer.
7:58 of 1st period - Snap shot by Claude Giroux.
7:58 of 1st period - Stopped by Robin Lehner without a rebound.
7:59 of 1st period - Logan Couture wins face-off versus Mike Richards in Red Wings zone.
8:11 of 1st period - Slapshot by Jake Guentzel.
8:11 of 1st period - Shot Misses the Net.
8:29 of 1st period - Kris Versteeg is hit by Brayden Schenn and loses puck.
8:46 of 1st period - Snap shot by Tye McGinn.
8:46 of 1st period - Shot Misses the Net.
8:56 of 1st period - Wrist shot by Tim Schaller.
8:56 of 1st period - Goal by Tim Schaller - Maple Leafs : 1 - Red Wings : 0.
8:57 of 1st period - Claude Giroux wins face-off versus Henrik Zetterberg in neutral zone.
9:35 of 1st period - Snap shot by Patrick Kane.
9:35 of 1st period - Stopped by Robin Lehner without a rebound.
9:36 of 1st period - T.J. Hensick wins face-off versus Brayden Schenn in Red Wings zone.
9:45 of 1st period - Snap shot by T.J. Hensick.
9:45 of 1st period - Shot Misses the Net.
10:38 of 1st period - Carson Mcmillan is hit by Braydon Coburn and loses puck.
11:12 of 1st period - Slapshot by Michael Haley.
11:12 of 1st period - Shot Misses the Net.
11:14 of 1st period - Wrist shot by Carson Mcmillan.
11:14 of 1st period - Stopped by John Gibson with a rebound.
11:18 of 1st period - Snap shot by Michael Haley.
11:18 of 1st period - Goal by Michael Haley - Maple Leafs : 1 - Red Wings : 1.
11:19 of 1st period - Henrik Zetterberg wins face-off versus Brayden Schenn in neutral zone.
11:22 of 1st period - Wrist shot by Kris Versteeg.
11:22 of 1st period - Shot Misses the Net.
11:34 of 1st period - Snap shot by Brayden Schenn.
11:34 of 1st period - Stopped by Robin Lehner without a rebound.
11:35 of 1st period - Connor Brown wins face-off versus Bo Horvat in Red Wings zone.
11:44 of 1st period - Slapshot by Connor Brown.
11:44 of 1st period - Goal by Connor Brown - Maple Leafs : 1 - Red Wings : 2.
11:45 of 1st period - Brayden Schenn wins face-off versus Henrik Zetterberg in neutral zone.
12:14 of 1st period - Snap shot by Dylan Larkin.
12:14 of 1st period - Stopped by John Gibson without a rebound.
12:15 of 1st period - Mike Richards wins face-off versus Bo Horvat in Maple Leafs zone.
12:29 of 1st period - Minor Penalty to Connor Brown for High sticking.
12:30 of 1st period - Claude Giroux wins face-off versus Kris Versteeg in Red Wings zone.
12:37 of 1st period - Snap shot by Brayden Schenn.
12:37 of 1st period - Stopped by Robin Lehner without a rebound.
12:38 of 1st period - Brayden Schenn wins face-off versus Kris Versteeg in Red Wings zone.
12:41 of 1st period - Wrist shot by Patrick Kane.
12:41 of 1st period - Stopped by Robin Lehner without a rebound.
12:42 of 1st period - Brayden Schenn wins face-off versus Kris Versteeg in Red Wings zone.
12:53 of 1st period - Wrist shot by Claude Giroux.
12:53 of 1st period - Shot Misses the Net.
13:09 of 1st period - Off-side.
13:10 of 1st period - Kris Versteeg wins face-off versus Bo Horvat in neutral zone.
14:29 of 1st period - Penalty to Connor Brown is over, Connor Brown is back on ice.
14:52 of 1st period - Off-side.
14:53 of 1st period - Bo Horvat wins face-off versus Mike Richards in neutral zone.
15:52 of 1st period - Wrist shot by Claude Giroux.
15:52 of 1st period - Goal by Claude Giroux - Maple Leafs : 2 - Red Wings : 2.
15:53 of 1st period - Henrik Zetterberg wins face-off versus Brayden Schenn in neutral zone.
16:08 of 1st period - Slapshot by Ryan O'Byrne.
16:08 of 1st period - Shot Blocked by Andre Burakovsky.
16:10 of 1st period - Wrist shot by Philip Samuelsson.
16:10 of 1st period - Shot Blocked by Hampus Lindholm.
16:20 of 1st period - Hampus Lindholm is hit by Dylan Larkin.
16:40 of 1st period - Slapshot by Hampus Lindholm.
16:40 of 1st period - Shot Misses the Net.
17:26 of 1st period - Snap shot by Claude Giroux.
17:26 of 1st period - Stopped by Robin Lehner without a rebound.
17:27 of 1st period - Henrik Zetterberg wins face-off versus Brayden Schenn in Red Wings zone.
17:32 of 1st period - Snap shot by Marko Dano.
17:32 of 1st period - Shot Misses the Net.
18:16 of 1st period - Backhand shot by Brayden Schenn.
18:16 of 1st period - Stopped by Robin Lehner with a rebound.
18:18 of 1st period - Slapshot by Ryan Parent.
18:18 of 1st period - Shot Blocked by Connor Brown.
18:20 of 1st period - Slapshot by Brayden Schenn.
18:20 of 1st period - Stopped by Robin Lehner without a rebound.
18:21 of 1st period - Mike Richards wins face-off versus Logan Couture in Red Wings zone.
18:21 of 1st period - Mike Richards is hit by Hampus Lindholm.
18:29 of 1st period - Snap shot by Dylan Larkin.
18:29 of 1st period - Stopped by John Gibson with a rebound.
18:45 of 1st period - Snap shot by Dylan Larkin.
18:45 of 1st period - Shot Blocked by Zach Werenski.
18:47 of 1st period - Wrist shot by Mike Richards.
18:47 of 1st period - Stopped by John Gibson without a rebound.
18:48 of 1st period - Bo Horvat wins face-off versus Henrik Zetterberg in Maple Leafs zone.
19:01 of 1st period - Beau Bennett is hit by Henrik Zetterberg.
19:13 of 1st period - Snap shot by Bo Horvat.
19:13 of 1st period - Deflect By Beau Bennett.
19:13 of 1st period - Stopped by Robin Lehner without a rebound.
19:14 of 1st period - Brayden Schenn wins face-off versus Connor Brown in Red Wings zone.
19:23 of 1st period - Snap shot by Connor Brown.
19:23 of 1st period - Stopped by John Gibson with a rebound.
19:27 of 1st period - Wrist shot by Mike Richards.
19:27 of 1st period - Stopped by John Gibson without a rebound.
19:28 of 1st period - Henrik Zetterberg wins face-off versus Claude Giroux in Maple Leafs zone.
19:35 of 1st period - Wrist shot by Marko Dano.
19:35 of 1st period - Stopped by John Gibson without a rebound.
19:36 of 1st period - Brayden Schenn wins face-off versus Henrik Zetterberg in Maple Leafs zone.
19:48 of 1st period - Slapshot by Claude Giroux.
19:48 of 1st period - Stopped by Robin Lehner with a rebound.
19:58 of 1st period - Snap shot by Claude Giroux.
19:58 of 1st period - Deflect By Henrik Zetterberg.
19:58 of 1st period - Stopped by Robin Lehner with a rebound.
Goals for this period are 2 for Maple Leafs vs 2 for Red Wings.
Shots for this period are 17 for Maple Leafs vs 11 for Red Wings.
2nd period
0:01 of 2nd period - Brayden Schenn wins face-off versus Henrik Zetterberg in neutral zone.
0:11 of 2nd period - Off-side.
0:12 of 2nd period - Logan Couture wins face-off versus Marko Dano in neutral zone.
0:47 of 2nd period - Dylan Larkin is hit by Hampus Lindholm and loses puck.
1:08 of 2nd period - John Klingberg is hit by Michael Haley and loses puck.
1:49 of 2nd period - Snap shot by Patrick Kane.
1:49 of 2nd period - Shot Misses the Net.
1:51 of 2nd period - Snap shot by Patrick Kane.
1:51 of 2nd period - Shot Blocked by Drew Fata.
1:53 of 2nd period - Snap shot by Patrick Kane.
1:53 of 2nd period - Deflect By Henrik Zetterberg.
1:53 of 2nd period - Stopped by Robin Lehner without a rebound.
1:54 of 2nd period - Logan Couture wins face-off versus Henrik Zetterberg in Red Wings zone.
2:01 of 2nd period - Wrist shot by Logan Couture.
2:01 of 2nd period - Shot Misses the Net.
2:03 of 2nd period - Slapshot by Logan Couture.
2:03 of 2nd period - Shot Misses the Net.
2:05 of 2nd period - Snap shot by Jake Guentzel.
2:05 of 2nd period - Stopped by Robin Lehner with a rebound.
2:07 of 2nd period - Slapshot by John Klingberg.
2:07 of 2nd period - Stopped by Robin Lehner without a rebound.
2:08 of 2nd period - Brayden Schenn wins face-off versus Henrik Zetterberg in Red Wings zone.
3:26 of 2nd period - Slapshot by Zach Werenski.
3:26 of 2nd period - Stopped by Robin Lehner with a rebound.
3:32 of 2nd period - Henrik Zetterberg is hit by Tim Schaller and loses puck.
4:15 of 2nd period - Slapshot by Logan Couture.
4:15 of 2nd period - Shot Misses the Net.
4:17 of 2nd period - Slapshot by John Klingberg.
4:17 of 2nd period - Stopped by Robin Lehner without a rebound.
4:18 of 2nd period - Brayden Schenn wins face-off versus Henrik Zetterberg in Red Wings zone.
4:27 of 2nd period - Jon Merrill is hit by Drew Fata and loses puck.
5:42 of 2nd period - Snap shot by Jordin Tootoo.
5:42 of 2nd period - Stopped by John Gibson with a rebound.
5:48 of 2nd period - T.J. Hensick is hit by Brayden Schenn and loses puck.
6:03 of 2nd period - Snap shot by Marko Dano.
6:03 of 2nd period - Shot Misses the Net.
6:17 of 2nd period - Minor Penalty to Jake Guentzel for Interference.
6:18 of 2nd period - Henrik Zetterberg wins face-off versus Brayden Schenn in Maple Leafs zone.
6:21 of 2nd period - Snap shot by Marko Dano.
6:21 of 2nd period - Stopped by John Gibson with a rebound.
6:23 of 2nd period - Snap shot by Henrik Zetterberg.
6:23 of 2nd period - Shot Misses the Net.
7:27 of 2nd period - Icing by Connor Brown.
7:28 of 2nd period - Logan Couture wins face-off versus Mike Richards in Red Wings zone.
7:34 of 2nd period - Off-side.
7:35 of 2nd period - Brayden Schenn wins face-off versus Henrik Zetterberg in neutral zone.
7:56 of 2nd period - Wrist shot by Mike Richards.
7:56 of 2nd period - Stopped by John Gibson with a rebound.
7:58 of 2nd period - Slapshot by Ole-Kristian Tollefsen.
7:58 of 2nd period - Shot Blocked by Braydon Coburn.
8:00 of 2nd period - Snap shot by David Rundblad.
8:00 of 2nd period - Shot Misses the Net.
8:17 of 2nd period - Penalty to Jake Guentzel is over, Jake Guentzel is back on ice.
8:43 of 2nd period - Slapshot by Jon Merrill.
8:43 of 2nd period - Shot Blocked by Philip Samuelsson.
8:57 of 2nd period - Jon Merrill is hit by Ole-Kristian Tollefsen and loses puck.
9:08 of 2nd period - Wrist shot by Connor Brown.
9:08 of 2nd period - Stopped by John Gibson without a rebound.
9:09 of 2nd period - Henrik Zetterberg wins face-off versus Logan Couture in Maple Leafs zone.
9:14 of 2nd period - Slapshot by Henrik Zetterberg.
9:14 of 2nd period - Stopped by John Gibson without a rebound.
9:15 of 2nd period - Henrik Zetterberg wins face-off versus Logan Couture in Maple Leafs zone.
9:45 of 2nd period - Backhand shot by Henrik Zetterberg.
9:45 of 2nd period - Stopped by John Gibson with a rebound.
10:01 of 2nd period - Marko Dano is hit by Logan Couture and loses puck.
10:30 of 2nd period - Wrist shot by Marko Dano.
10:30 of 2nd period - Stopped by John Gibson without a rebound.
10:31 of 2nd period - Mike Richards wins face-off versus Brayden Schenn in Maple Leafs zone.
11:07 of 2nd period - Snap shot by Beau Bennett.
11:07 of 2nd period - Deflect By Brandon Saad.
11:07 of 2nd period - Shot Misses the Net.
11:07 of 2nd period - Puck is out of play.
11:08 of 2nd period - David Krejci wins face-off versus Brayden Schenn in Red Wings zone.
11:17 of 2nd period - Snap shot by Michael Haley.
11:17 of 2nd period - Shot Blocked by Andre Burakovsky.
11:19 of 2nd period - Slapshot by Jiri Fischer.
11:19 of 2nd period - Stopped by John Gibson with a rebound.
11:21 of 2nd period - Snap shot by Michael Haley.
11:21 of 2nd period - Shot Misses the Net.
11:23 of 2nd period - Slapshot by Jiri Fischer.
11:23 of 2nd period - Shot Misses the Net.
12:49 of 2nd period - Brandon Saad is hit by David Rundblad and loses puck.
13:08 of 2nd period - Ryan Parent is hit by Tye McGinn and loses puck.
13:15 of 2nd period - Snap shot by Jordin Tootoo.
13:15 of 2nd period - Stopped by John Gibson with a rebound.
13:29 of 2nd period - Claude Giroux is hit by Philip Samuelsson and loses puck.
14:18 of 2nd period - Slapshot by Jiri Fischer.
14:18 of 2nd period - Stopped by John Gibson with a rebound.
14:20 of 2nd period - Snap shot by Jiri Fischer.
14:20 of 2nd period - Stopped by John Gibson without a rebound.
14:21 of 2nd period - Brayden Schenn wins face-off versus Henrik Zetterberg in Maple Leafs zone.
14:50 of 2nd period - John Klingberg is hit by Mike Richards and loses puck.
15:31 of 2nd period - Dylan Larkin is hit by Andre Burakovsky.
15:47 of 2nd period - Wrist shot by Dylan Larkin.
15:47 of 2nd period - Stopped by John Gibson with a rebound.
15:49 of 2nd period - Wrist shot by David Rundblad.
15:49 of 2nd period - Stopped by John Gibson with a rebound.
16:09 of 2nd period - Off-side.
16:10 of 2nd period - Logan Couture wins face-off versus Henrik Zetterberg in neutral zone.
16:36 of 2nd period - Philip Samuelsson is hit by John Klingberg and loses puck.
16:55 of 2nd period - Icing by Ryan O'Byrne.
16:56 of 2nd period - T.J. Hensick wins face-off versus Pontus Aberg in Red Wings zone.
17:25 of 2nd period - Snap shot by Henrik Zetterberg.
17:25 of 2nd period - Stopped by John Gibson without a rebound.
17:26 of 2nd period - Logan Couture wins face-off versus Henrik Zetterberg in Maple Leafs zone.
17:35 of 2nd period - Marko Dano is hit by Jake Guentzel and loses puck.
17:53 of 2nd period - Kris Versteeg is hit by Jake Guentzel and loses puck.
18:00 of 2nd period - Patrick Kane is hit by Marko Dano and loses puck.
18:11 of 2nd period - Slapshot by Patrick Kane.
18:11 of 2nd period - Deflect By Jake Guentzel.
18:11 of 2nd period - Stopped by Robin Lehner without a rebound.
18:12 of 2nd period - Brayden Schenn wins face-off versus Mike Richards in Red Wings zone.
18:28 of 2nd period - Off-side.
18:29 of 2nd period - T.J. Hensick wins face-off versus Bo Horvat in neutral zone.
18:40 of 2nd period - Wrist shot by T.J. Hensick.
18:40 of 2nd period - Stopped by John Gibson with a rebound.
19:05 of 2nd period - Snap shot by Mike Richards.
19:05 of 2nd period - Shot Misses the Net.
Goals for this period are 0 for Maple Leafs vs 0 for Red Wings.
Shots for this period are 6 for Maple Leafs vs 15 for Red Wings.
3rd period
0:01 of 3rd period - Brayden Schenn wins face-off versus Henrik Zetterberg in neutral zone.
0:10 of 3rd period - Slapshot by Brayden Schenn.
0:10 of 3rd period - Stopped by Robin Lehner without a rebound.
0:11 of 3rd period - Henrik Zetterberg wins face-off versus Brayden Schenn in Red Wings zone.
0:11 of 3rd period - Henrik Zetterberg is hit by Jon Merrill.
0:40 of 3rd period - Snap shot by Tye McGinn.
0:40 of 3rd period - Shot Blocked by John Klingberg.
0:42 of 3rd period - Slapshot by David Rundblad.
0:42 of 3rd period - Stopped by John Gibson with a rebound.
0:44 of 3rd period - Snap shot by Jordin Tootoo.
0:44 of 3rd period - Shot Blocked by Jon Merrill.
1:10 of 3rd period - Snap shot by Beau Bennett.
1:10 of 3rd period - Stopped by Robin Lehner with a rebound.
2:04 of 3rd period - Minor Penalty to Ryan Parent for Hooking.
2:05 of 3rd period - Henrik Zetterberg wins face-off versus Brayden Schenn in Maple Leafs zone.
2:58 of 3rd period - Ole-Kristian Tollefsen is hit by John Klingberg and loses puck.
4:04 of 3rd period - Penalty to Ryan Parent is over, Ryan Parent is back on ice.
4:18 of 3rd period - Snap shot by Carson Mcmillan.
4:18 of 3rd period - Shot Misses the Net.
4:32 of 3rd period - Icing by Tye McGinn.
4:33 of 3rd period - T.J. Hensick wins face-off versus Logan Couture in Red Wings zone.
5:26 of 3rd period - Snap shot by Zach Werenski.
5:26 of 3rd period - Stopped by Robin Lehner with a rebound.
5:28 of 3rd period - Slapshot by Pontus Aberg.
5:28 of 3rd period - Shot Misses the Net.
6:35 of 3rd period - Off-side.
6:36 of 3rd period - David Krejci wins face-off versus Logan Couture in neutral zone.
6:43 of 3rd period - Slapshot by David Rundblad.
6:43 of 3rd period - Stopped by John Gibson with a rebound.
6:45 of 3rd period - Snap shot by Michael Haley.
6:45 of 3rd period - Shot Misses the Net.
6:47 of 3rd period - Snap shot by David Rundblad.
6:47 of 3rd period - Stopped by John Gibson without a rebound.
6:48 of 3rd period - Brayden Schenn wins face-off versus Henrik Zetterberg in Maple Leafs zone.
7:24 of 3rd period - Snap shot by Tye McGinn.
7:24 of 3rd period - Stopped by John Gibson with a rebound.
8:22 of 3rd period - Minor Penalty to Brayden Schenn for Holding.
8:23 of 3rd period - Kris Versteeg wins face-off versus Logan Couture in Maple Leafs zone.
8:24 of 3rd period - Snap shot by Henrik Zetterberg.
8:24 of 3rd period - Stopped by John Gibson with a rebound.
8:32 of 3rd period - Slapshot by Marko Dano.
8:32 of 3rd period - Goal by Marko Dano - Maple Leafs : 2 - Red Wings : 3.
8:33 of 3rd period - Henrik Zetterberg wins face-off versus Logan Couture in neutral zone.
8:44 of 3rd period - Slapshot by Philip Samuelsson.
8:44 of 3rd period - Stopped by John Gibson with a rebound.
9:30 of 3rd period - Slapshot by Hampus Lindholm.
9:30 of 3rd period - Shot Misses the Net.
9:32 of 3rd period - Wrist shot by Zach Werenski.
9:32 of 3rd period - Goal by Zach Werenski - Maple Leafs : 3 - Red Wings : 3.
9:33 of 3rd period - Henrik Zetterberg wins face-off versus Brayden Schenn in neutral zone.
9:40 of 3rd period - Slapshot by Jiri Fischer.
9:40 of 3rd period - Stopped by John Gibson with a rebound.
9:50 of 3rd period - Slapshot by Henrik Zetterberg.
9:50 of 3rd period - Shot Misses the Net.
10:13 of 3rd period - Snap shot by Dylan Larkin.
10:13 of 3rd period - Stopped by John Gibson with a rebound.
11:05 of 3rd period - Pontus Aberg is hit by Henrik Zetterberg and loses puck.
11:16 of 3rd period - Wrist shot by Marko Dano.
11:16 of 3rd period - Stopped by John Gibson without a rebound.
11:17 of 3rd period - Mike Richards wins face-off versus Brayden Schenn in Maple Leafs zone.
11:29 of 3rd period - Icing by Hampus Lindholm.
11:30 of 3rd period - Henrik Zetterberg wins face-off versus Brayden Schenn in Maple Leafs zone.
11:59 of 3rd period - Slapshot by Zach Werenski.
11:59 of 3rd period - Stopped by Robin Lehner without a rebound.
12:00 of 3rd period - Mike Richards wins face-off versus Logan Couture in Red Wings zone.
12:00 of 3rd period - Mike Richards is hit by Jake Guentzel.
12:23 of 3rd period - Wrist shot by Patrick Kane.
12:23 of 3rd period - Stopped by Robin Lehner without a rebound.
12:24 of 3rd period - Henrik Zetterberg wins face-off versus Brayden Schenn in Red Wings zone.
13:05 of 3rd period - Snap shot by Logan Couture.
13:05 of 3rd period - Deflect By Jake Guentzel.
13:05 of 3rd period - Stopped by Robin Lehner with a rebound.
13:07 of 3rd period - Slapshot by Jon Merrill.
13:07 of 3rd period - Shot Misses the Net.
13:21 of 3rd period - Off-side.
13:22 of 3rd period - Mike Richards wins face-off versus Brayden Schenn in neutral zone.
14:22 of 3rd period - Snap shot by Carson Mcmillan.
14:22 of 3rd period - Stopped by John Gibson with a rebound.
15:08 of 3rd period - Slapshot by Claude Giroux.
15:08 of 3rd period - Goal by Claude Giroux - Maple Leafs : 4 - Red Wings : 3.
15:09 of 3rd period - Bo Horvat wins face-off versus Henrik Zetterberg in neutral zone.
15:13 of 3rd period - Minor Penalty to Henrik Zetterberg for Tripping.
15:14 of 3rd period - Kris Versteeg wins face-off versus Brayden Schenn in Red Wings zone.
15:47 of 3rd period - Slapshot by Zach Werenski.
15:47 of 3rd period - Stopped by Robin Lehner with a rebound.
16:47 of 3rd period - Andre Burakovsky is hit by Drew Fata and loses puck.
17:13 of 3rd period - Penalty to Henrik Zetterberg is over, Henrik Zetterberg is back on ice.
17:18 of 3rd period - Snap shot by Brandon Saad.
17:18 of 3rd period - Stopped by Robin Lehner without a rebound.
17:19 of 3rd period - Logan Couture wins face-off versus Mike Richards in Red Wings zone.
17:43 of 3rd period - Ryan Parent is hit by Mike Richards and loses puck.
17:48 of 3rd period - Snap shot by Connor Brown.
17:48 of 3rd period - Stopped by John Gibson without a rebound.
17:49 of 3rd period - Brayden Schenn wins face-off versus T.J. Hensick in Maple Leafs zone.
18:16 of 3rd period - Jake Guentzel is hit by Henrik Zetterberg and loses puck.
18:50 of 3rd period - Minor Penalty to Brandon Saad for Goalie Interference.
18:51 of 3rd period - Henrik Zetterberg wins face-off versus Brayden Schenn in Maple Leafs zone.
18:52 of 3rd period - Red Wings, Robin Lehner is pulled from the net.
18:58 of 3rd period - Slapshot by Philip Samuelsson.
18:58 of 3rd period - Stopped by John Gibson with a rebound.
19:00 of 3rd period - Wrist shot by Drew Fata.
19:00 of 3rd period - Shot Blocked by Jon Merrill.
19:02 of 3rd period - Slapshot by Philip Samuelsson.
19:02 of 3rd period - Stopped by John Gibson without a rebound.
19:03 of 3rd period - Terry Murray call a timeout for Red Wings.
19:03 of 3rd period - Brayden Schenn wins face-off versus Henrik Zetterberg in Maple Leafs zone.
19:16 of 3rd period - Backhand shot by Brayden Schenn.
19:16 of 3rd period - Shot Hit the Post.
Goals for this period are 2 for Maple Leafs vs 1 for Red Wings.
Shots for this period are 10 for Maple Leafs vs 14 for Red Wings.